 Dungeon Sprint DCSS version 0.25.1-2-g60ff931df9 (webtiles) character file.

Game seed: 559516265516558764

309 Cadaver the Basher (level 6, -2/66 HPs)
             Began as a Gargoyle Gladiator on Nov 4, 2020.
             Slain by a tyrant leech (3 damage)
             ... in the Dungeon (Sprint II: "The Violet Keep of Menkaure").
             The game lasted 00:01:28 (202 turns).

Cadaver the Basher (Gargoyle Gladiator)              Turns: 202, Time: 00:01:28

Health: -2/66      AC:  8    Str: 18    XL:     6   Next: 41%
Magic:  6/6        EV: 12    Int:  9    God:
Gold:   486        SH:  0    Dex: 12    Spells: 5/5 levels left

rFire    . . .     SeeInvis .   a - +0 flail
rCold    . . .     Gourm    .   (no shield)
rNeg     + . .     Faith    .   b - +0 leather armour
rPois    ∞         Spirit   .   c - +0 helmet
rElec    +         Reflect  .   (no cloak)
rCorr    .         Harm     .   (no gloves)
MR       .....     NoTele   +   (no boots)
Stlth    ..........             (no amulet)
HPRegen  0.21/turn              (no ring)
MPRegen  0.10/turn              (no ring)

@: berserking (expiring), very quick
A: negative energy resistance 1, electricity resistance, unbreathing,
petrification resistance, rot immunity, AC +4
a: no special abilities


You were in the Dungeon.
You were not hungry.

You visited 1 branch You collected 486 gold pieces.

Inventory:

Hand Weapons
 a - a +0 flail (weapon)
Missiles
 d - 3 throwing nets (quivered)
Armour
 b - a +0 leather armour (worn)
 c - a +0 helmet (worn)
Scrolls
 k - a scroll of blinking
Potions
 g - a potion of heal wounds
 i - 2 potions of magic
Comestibles
 f - a ration
 h - 5 chunks of flesh


   Skills:
 + Level 7.0 Fighting
 + Level 11.7 Maces & Flails
 - Level 1.7 Throwing
 - Level 2.4 Dodging


You had 5 spell levels left.
You didn't know any spells.
Your spell library was empty.

Dungeon Overview and Level Annotations

Branches:
Dungeon (1/1)

Altars:


Innate Abilities, Weirdness & Mutations

You are resistant to torment.
Your stone body is resilient. (AC +4)
You are immune to poison.
You resist negative energy. (rN+)
You are resistant to electric shocks. (rElec)
You can survive without breathing.
You are immune to petrification.
You are immune to rotting.


Message History

The tyrant leech bites you!
You miss the tyrant leech.
The tyrant leech is severely wounded.
You miss the tyrant leech.
The tyrant leech is severely wounded.
You closely miss the tyrant leech.
The tyrant leech is severely wounded.
The tyrant leech bites you!!
* * * LOW HITPOINT WARNING * * *
You closely miss the tyrant leech.
The tyrant leech is severely wounded.
You sock the tyrant leech!
The tyrant leech is almost dead.
The tyrant leech bites you but does no damage.
You closely miss the tyrant leech.
The tyrant leech is almost dead.
You closely miss the tyrant leech.
The tyrant leech is almost dead.
The tyrant leech bites you.
You die...

## ## ##.
$## .. ..
### .#w #
##.###w# H#
#...##@##.#
+.#.'.<.+# #
#.).##.##.#
#≈##.###'#
H#
≈≈####..###
# ≈≈ #..##.#
#≈##.#.## ≈
#≈≈##+##≈≈≈§
#≈≈≈≈≈≈≈§§≈≈


You could see 2 tyrant leeches.

Vanquished Creatures
  A merfolk siren (D)
  3 worms (D)
4 creatures vanquished.

Vanquished Creatures (others)
  A hippogriff (D)
  Menkaure (D)
2 creatures vanquished.

Grand Total: 6 creatures vanquished

Notes
Turn   | Place    | Note
-------+----------+-------------------------------------------
     0 | D        | Cadaver the Gargoyle Gladiator began the quest for the Orb.
     0 | D        | Reached XP level 1. HP: 12/12 MP: 1/1
     1 | D        | Noticed a merfolk siren
    23 | D        | Killed a merfolk siren
    23 | D        | Reached skill level 11 in Maces & Flails
    23 | D        | Reached XP level 2. HP: 20/23 MP: 2/2
    23 | D        | Reached XP level 3. HP: 25/28 MP: 3/3
    23 | D        | Reached XP level 4. HP: 28/32 MP: 4/4
    23 | D        | Reached XP level 5. HP: 33/37 MP: 5/5
    23 | D        | Reached XP level 6. HP: 37/42 MP: 6/6
    38 | D        | Noticed a hippogriff
    38 | D        | Noticed a hippogriff
    48 | D        | Killed Menkaure
   158 | D        | Killed a hippogriff
   166 | D        | Noticed a flying skull
   166 | D        | Noticed a flying skull
   166 | D        | Noticed a flying skull
   166 | D        | Noticed a flying skull
   166 | D        | Noticed a flying skull
   167 | D        | Noticed a flying skull
   167 | D        | Noticed a flying skull
   167 | D        | Noticed a flying skull
   167 | D        | Noticed a flying skull
   167 | D        | Noticed a flying skull
   167 | D        | Noticed a flying skull
   167 | D        | Noticed a flying skull
   188 | D        | Noticed a tyrant leech
   188 | D        | Noticed a tyrant leech
   198 | D        | HP: 1/66 [tyrant leech (30)]
   202 | D        | Slain by a tyrant leech

Illustrated notes

Levels and vault maps discovered:
D:        the_violet_keep_of_menkaure [sprint2_stairs_cluster_1,
          sprint2_shoproom, sprint2_temple, sprint2_basic_supplies,
          sprint2_obstacle_1, sprint2_obstacle_2, sprint2_obstacle_5,
          sprint2_obstacle_4, sprint2_obstacle_6, sprint2_timed_cluster_1,
          sprint2_smallroom_cluster_1, sprint2_smallroom_final_cluster_1,
          sprint2_transparent_cluster_1, sprint2_second_timed_cluster_1,
          sprint2_sniper_area_1, sprint2_heavy_combat_area_1,
          sprint2_mutation_trap_area_1, sprint2_forest_area_1,
          sprint2_light_combat_area_1, sprint2_behind_water_1,
          sprint2_near_end_vault_1]

Skill      XL: |  1  2  3  4  5  6 |
---------------+-------------------+-----
Fighting       | 6 7 |  7.0
Maces & Flails | 11 | 11.7
Throwing       | |  1.7
Dodging        | |  2.4

Action                   |  1- 3 |  4- 6 || total
-------------------------+-------+-------++-------
Melee: Flail             |    17 |    28 ||    45
  Use: Potion            |     2 |     1 ||     3
Armor: Leather armour    |       |     3 ||     3
Dodge: Dodged            |     1 |     2 ||     3
